 Dungeon Crawl Stone Soup version 0.20.1-1-g8b1a95d (webtiles) character file.

88 ReignOfFire the Slasher (level 4, 0/34 HPs)
             Began as a Demonspawn Gladiator on Aug 4, 2017.
             Killed by divine providence
             ... invoked by an orc priest
              (15 damage)
             ... on level 3 of the Dungeon on Aug 7, 2017.
             The game lasted 00:04:20 (1463 turns).

ReignOfFire the Slasher (Demonspawn Gladiator)      Turns: 1463, Time: 00:04:21

Health: 0/34       AC:  7    Str: 14    XL:     4   Next: 30%
Magic:  4/4        EV: 13    Int:  9    God:
Gold:   144        SH:  0    Dex: 16    Spells: 3/3 levels left

rFire    . . .     SeeInvis .   a - +0 long sword
rCold    . . .     Gourm    .   (no shield)
rNeg     . . .     Faith    .   b - +0 leather armour
rPois    .         Spirit   .   c - +0 helmet
rElec    .         Reflect  .   (no cloak)
rCorr    .         Harm     .   t - +0 pair of gloves
MR       .....                  m - +1 pair of boots
Stlth    +.........             (no amulet)
Regen    0.2/turn               (no ring)
MPRegen  0.1/turn               (no ring)

@: no status effects
A: claws 1, powered by pain 1
a: no special abilities


You were on level 3 of the Dungeon.
You were not hungry.

You visited 1 branch of the dungeon, and saw 3 of its levels.

You collected 144 gold pieces.

Inventory:

Hand Weapons
 a - a +0 long sword (weapon)
Missiles
 d - 3 throwing nets (quivered)
Armour
 b - a +0 leather armour (worn)
 c - a +0 helmet (worn)
 m - a +1 pair of boots (worn)
 t - a +0 pair of gloves (worn)
Scrolls
 e - 7 scrolls of identify {unknown}
 g - a scroll of magic mapping {unknown}
 j - 3 scrolls of teleportation {unknown}
 k - a scroll of recharging {unknown}
 s - a scroll of enchant weapon {unknown}
 u - a scroll of amnesia {unknown}
 v - 3 scrolls of remove curse {unknown}
Potions
 h - a potion of curing {unknown}
 i - a potion of flight {unknown}
 l - a potion of cancellation {unknown}
 o - a potion of invisibility {unknown}
 p - a potion of agility {unknown}
 q - 2 potions of haste {unknown}
 w - a potion of heal wounds {unknown}
Comestibles
 f - 3 bread rations
 n - a meat ration
 r - 3 chunks of flesh


   Skills:
 + Level 2.6 Fighting
 + Level 3.7 Long Blades
 + Level 2.0 Throwing
 + Level 0.6 Armour
 + Level 3.1 Dodging
 + Level 0.4 Stealth


You had 3 spell levels left.
You didn't know any spells.

Dungeon Overview and Level Annotations

Branches:
Dungeon (3/15)

Altars:
Ashenzari
Dithmenos


Innate Abilities, Weirdness & Mutations

You have sharp fingernails.
You sometimes gain a little power by taking damage.


Message History

Something hits you.
You closely miss something. Something hits you but does no damage.
You closely miss something. The orc hits you with a war axe!
Something hits you.
You hit the orc.
The orc is heavily wounded.
Something hits you but does no damage. The orc completely misses you.
You riposte.
You hit the orc.
You kill the orc!
Something hits you but does no damage.
You hear some strange, mumbled words.
A puff of flame appears from out of thin air!
The puff of flame hits you! Something hits you but does no damage.
You hit something. Something barely misses you.
An orc priest comes into view. It is wielding a trident of protection.
You hit something. Something hits you but does no damage.
The orc priest invokes the aid of Beogh against you.
Beogh smites you!
You die...

#............# #. .. #.
#........###.# #. #..#.
####.###.# #.####.
#⌠.#.+##.⌠#..##.#
#......
#.........#.....#
######. #....$..###.#..#
#.
#.......#...#..########.
+..._...{g..# ..........
#......@#.).# ..........
#.....).###{# ........^
...[[.....#....
...######
#⌠.##'##.⌠#...g..< ##
#.. ###o.....# #..
...##.# #. ### .# .#


You could see an orc priest and a hobgoblin.

Vanquished Creatures
  A gnoll (D:1)
  An ooze (D:2)
  2 worms (D:2)
  2 leopard geckos
  2 orcs (D:3)
  7 bats
  3 giant cockroaches
  9 goblins
  10 hobgoblins
  3 jackals (D:1)
  A ball python (D:2)
  3 frilled lizards
  9 kobolds
  8 rats
61 creatures vanquished.

Notes
Turn   | Place    | Note
-------+----------+-------------------------------------------
     0 | D:1      | ReignOfFire the Demonspawn Gladiator began the quest for the Orb.
     0 | D:1      | Reached XP level 1. HP: 16/16 MP: 1/1
   101 | D:1      | Gained mutation: You have sharp fingernails. [demonic ancestry]
   101 | D:1      | Reached XP level 2. HP: 15/22 MP: 2/2
   548 | D:1      | Reached XP level 3. HP: 24/28 MP: 3/3
   930 | D:2      | Found a shadowy altar of Dithmenos.
  1096 | D:2      | Gained mutation: You sometimes gain a little power by taking damage. [demonic ancestry]
  1096 | D:2      | Reached XP level 4. HP: 34/34 MP: 4/4
  1440 | D:3      | Found a shattered altar of Ashenzari.
  1463 | D:3      | Killed from afar by an orc priest

Skill      XL: |  1  2 |
---------------+-------+-----
Throwing       | 2 |  2.0
Long Blades    | 3 |  3.7
Dodging        | 3 |  3.1
Fighting       | |  2.6
Armour         | |  0.6
Stealth        | |  0.4

Action                   |  1- 3 |  4- 6 || total
-------------------------+-------+-------++-------
Melee: Long sword        |   108 |    48 ||   156
 Stab: Sleeping          |     1 |     3 ||     4
  Eat: Chunk             |     1 |     1 ||     2
Armor: Leather armour    |    36 |    17 ||    53
Dodge: Dodged            |    94 |    25 ||   119
       Rpst.: Long sword |    32 |     9 ||    41
